 Dungeon Crawl Stone Soup version 0.28-a0-919-g0b5b508569 (webtiles) character file.

Game seed: 7798461845198446708

436 timneilson the Shield-Bearer (level 7, -5/64 HPs)
             Began as a Gargoyle Fighter on Nov 25, 2021.
             Killed by divine providence
             ... invoked by an orc priest
              (11 damage)
             ... on level 3 of the Dungeon.
             The game lasted 00:05:42 (2666 turns).

timneilson the Shield-Bearer (Gargoyle Fighter)     Turns: 2666, Time: 00:05:43

Health: -5/64      AC: 23    Str: 22    XL:     7   Next: 1%
Magic:  7/7        EV:  2    Int:  8    God:
Gold:   58         SH:  5    Dex:  9    Spells: 6/6 levels left

rFire   . . .      SeeInvis .   a - +1 long sword (venom)
rCold   . . .      Faith    .   c - +1 buckler
rNeg    + . .      Spirit   .   (armour currently unavailable)
rPois   ∞          Reflect  .   (helmet currently unavailable)
rElec   .          Harm     .   (cloak currently unavailable)
rCorr   .          Rampage  .   (gloves currently unavailable)
Will    .....      NoTele   +   (boots currently unavailable)
Stlth   +.........              (no amulet)
HPRegen 0.20/turn               (no ring)
MPRegen 0.10/turn               (no ring)

@: tree-form, hasted, very quick
A: stationary, stasis, torment immunity, boosted hp, sickness immunity, AC +4,
negative energy resistance 1, (electricity resistance), torment resistance 1,
petrification resistance
a: no special abilities


You were on level 3 of the Dungeon.
You were a tree.
You visited 1 branch of the dungeon, and saw 3 of its levels.
You also visited: Sewer.

You collected 58 gold pieces.

Inventory:

Hand Weapons
 a - a +1 long sword of venom (weapon)
Armour
 b - a +0 scale mail (melded)
 c - a +1 buckler (worn)
 i - a +0 pair of gloves (melded)
Jewellery
 l - a ring of ice
Wands
 d - a wand of mindburst (17)
 h - a wand of flame (18)
 j - a wand of polymorph (7)
Scrolls
 o - a scroll of magic mapping
Potions
 g - a potion of flight
 k - a potion of mutation
 q - 2 potions of magic


   Skills:
 + Level 4.1 Fighting
 * Level 3.5 Long Blades
 * Level 4.8 Armour
 + Level 1.5 Dodging
 * Level 5.0 Shields
 + Level 1.2 Evocations


You had 6 spell levels left.
You didn't know any spells.
Your spell library contained the following spells:

 Spells                   Type           Power      Damage    Failure   Level
 Animate Skeleton         Necr           0%         N/A       41%         1
 Apportation              Tloc           0%         N/A       41%         1
 Summon Small Mammal      Summ           0%         N/A       41%         1
 Ensorcelled Hibernation  Hex/Ice        0%         N/A       54%         2
 Tukima's Dance           Hex            0%         N/A       78%         3


Dungeon Overview and Level Annotations

Branches:
Dungeon (3/15)              Sewer (visited)

Altars:
Nemelex Xobeh
Xom

Shops:
D:3 [


Innate Abilities, Weirdness & Mutations

You are a tree.
Your roots penetrate the ground, keeping you stationary.
You cannot be teleported.
You are immune to unholy pain and torment.
Your maximum health is greatly increased.
Your equipment is partially melded.
You are immune to sickness and miasma.
((Your stone body is resilient. (AC +4)))
You are immune to poison.
You resist negative energy. (rN+)
((You are resistant to electric shocks. (rElec)))
You are resistant to unholy torment.
You are immune to petrification.


Message History

You closely miss something.
Unknown command.
Really quaff the potion of lignification?
You turn into a tree.
Your +0 pair of gloves melds into your body.
Your +0 scale mail melds into your body.
Your roots penetrate the ground.
You hear some strange, mumbled words.
A puff of flame appears from out of thin air!
The puff of flame hits you but does no damage.
You barely miss something.
You hear some strange, mumbled words.
Something tries to affect you, but you resist.
You hit something but do no damage. You hit something but do no damage.
You block something's attack.
You miss something. You slash something!
Reactivating autopickup.
You feel a bit more experienced.
Your Fighting skill increases to level 4!
Your Shields skill increases to level 5!
Your Evocations skill increases to level 1!
You have reached level 7!
You hit the giant cockroach but do no damage.
The giant cockroach is poisoned.
The giant cockroach bites you but does no damage.
You barely miss the giant cockroach.
The giant cockroach is almost dead.
You kill the giant cockroach!
You swing at nothing.
You swing at nothing.
You swing at nothing.
You swing at nothing.
You start resting.
An orc priest is nearby!
Okay, then.
The orc priest shouts!
The orc priest invokes the aid of Beogh against you.
Beogh smites you!
You die...

*****,*#..##*##.#####..#
*,*#....###...# ##>#
*,*#.##,..###.# ### *
*,**,***#.# #.# **
*,,.>####.###.# ,***
*,......B..)..#
,,,***,##.....##)#.#
**,,,,,*#.....*#)#.#*
****,,#...o.o*#♣#..*** *
**,,..#...o*#(#...,*** **
*,,,#*#....*#.##...,,*
,***,,,,,...o.*#.#*....,*
,,,,,,,,,*,,,,*#..*.....*
,,<,,*,,,*,,,,*##o#,,,,,*
,,,,,**,,,,,,,***.#,,,,,*
*,,*,***,,,,*,,,,.#,,,,,*
*,**,* ****,*****.#,,,,,*


You could see an orc priest.

Vanquished Creatures
  Sigmund (D:3)
  Pargi (Sewer)
  An orc priest (D:3)
  Jessica (D:3)
  An orc wizard (D:3)
  An adder (D:2)
  A worm (D:3)
  A dart slug (D:1)
  3 orcs (D:3)
  6 ball pythons
  10 endoplasms
  6 giant cockroaches
  7 goblins
  9 hobgoblins
  4 jackals
  9 kobolds
  4 quokkas
  3 bats
  3 frilled lizards
  10 rats
82 creatures vanquished.

Vanquished Creatures (others)
  A plant (D:1)
1 creature vanquished.

Grand Total: 83 creatures vanquished

Notes
Turn   | Place    | Note
-------+----------+-------------------------------------------
     0 | D:1      | timneilson the Gargoyle Fighter began the quest for the
                  | Orb.
     0 | D:1      | Reached XP level 1. HP: 14/14 MP: 1/1
   121 | D:1      | Reached XP level 2. HP: 17/19 MP: 2/2
   412 | D:1      | Reached XP level 3. HP: 17/23 MP: 3/3
   937 | D:1      | Found a faded altar of an unknown god.
  1092 | D:2      | Reached XP level 4. HP: 28/28 MP: 4/4
  1214 | D:2      | Found a shimmering altar of Xom.
  1364 | D:2      | Reached skill level 4 in Shields
  2105 | D:3      | Noticed Jessica
  2109 | D:3      | Killed Jessica
  2167 | D:3      | Found a glowing drain.
  2181 | Sewer    | Entered a sewer
  2258 | Sewer    | Reached XP level 5. HP: 33/33 MP: 5/5
  2287 | Sewer    | Noticed Pargi
  2295 | Sewer    | Killed Pargi
  2296 | Sewer    | Reached skill level 1 in Dodging
  2529 | D:3      | Found Unaosuxt's Antique Armour Emporium.
  2557 | D:3      | Found a sparkling altar of Nemelex Xobeh.
  2627 | D:3      | Reached XP level 6. HP: 29/38 MP: 6/6
  2627 | D:3      | Noticed Sigmund
  2653 | D:3      | Killed Sigmund
  2654 | D:3      | Reached skill level 5 in Shields
  2654 | D:3      | Reached skill level 1 in Evocations
  2654 | D:3      | Reached XP level 7. HP: 4/43 MP: 7/7
  2666 | D:3      | Killed from afar by an orc priest

Illustrated notes

Levels and vault maps discovered:
D:1:      moated_graveyard_arrival, layout_rooms,
          shapermc_ecumenical_altar_mp_ritualfount
D:2:      layout_loops_corners, basic_altar
D:3:      layout_rooms, marbit_many_paths, serial_shops, nicolae_shop_trees,
          portal_sewer_entry_e, uniq_sigmund, uniq_jessica

Skill      XL: |  1  2  3  4  5  6 |
---------------+-------------------+-----
Long Blades    | 2 3 |  3.5
Shields        | 4 5 |  5.0
Armour         | 4 |  4.8
Dodging        | 1 |  1.5
Fighting       | 4 |  4.1
Evocations     | 1 |  1.2

Action                   |  1- 3 |  4- 6 |  7- 9 || total
-------------------------+-------+-------+-------++-------
Melee: Long sword        |   105 |   133 |     2 ||   240
  Use: Scroll            |     3 |     9 |       ||    12
       Potion            |       |     3 |       ||     3
Armor: Scale mail        |    84 |    63 |       ||   147
       Skin              |       |     1 |     1 ||     2
Dodge: Dodged            |    54 |    55 |       ||   109
Block: Buckler           |    41 |    28 |       ||    69

Table legend: (Time is in decaauts)
 A = Elapsed time spent in this place.
 B = Non-inter-level travel time spent in this place.
 C = Inter-level travel time spent in this place.
 D = Time resting spent in this place.
 E = Time spent auto-exploring this place.
 F = Levels seen in this place.
 G = Mean time per level.
                   A        B        C        D        E       F      G
               +--------+--------+--------+--------+--------+-----+--------+
         Total |   2721 |   2689 |     32 |     23 |   1991 |   4 |  680.2 |
       Dungeon |   2458 |   2426 |     32 |     23 |   1803 |   3 |  819.3 |
         Sewer |    263 |    263 |      0 |      0 |    188 |   1 |  263.0 |
               +--------+--------+--------+--------+--------+-----+--------+

Top non-repeatable levels by time:
     D:2: 1130 daAuts
     D:1: 1019 daAuts
     D:3: 308 daAuts
   Sewer: 263 daAuts
